 Dungeon Crawl Stone Soup version 0.30-a0-341-g682706514a (webtiles) character file.

Game seed: 10038165256298592026

200 Alacron the Ruffian (level 5, 0/53 HPs)
             Began as a Troll Berserker on Nov 2, 2022.
             Was a Priest of Trog.
             Slain by a killer bee (6 damage)
             ... on level 4 of the Dungeon.
             The game lasted 00:03:20 (1982 turns).

Alacron the Ruffian (Troll Berserker)               Turns: 1982, Time: 00:03:20

Health: 0/53       AC:  4    Str: 27    XL:     5   Next: 49%
Magic:  4/4        EV: 10    Int:  3    God:    Trog [***...]
Gold:   185        SH:  0    Dex:  9    Spells: 4/4 levels left

rFire   . . .      SeeInvis .      - Unarmed
rCold   . . .      Faith    .    (no shield)
rNeg    . . .      Spirit   .    a - +0 animal skin
rPois   .          Reflect  .    (helmet restricted)
rElec   .          Harm     .    (no cloak)
rCorr   .          Rampage  .    (gloves unavailable)
Will    .....                    (boots unavailable)
Stlth   +.........               (no amulet)
HPRegen 1.08/turn                (no ring)
MPRegen 0.09/turn                (no ring)

@: lethally poisoned (0 -> -9)
A: large, unfitting armour, claws 3, regeneration 1, shaggy fur 1, tough skin 1
a: Renounce Religion, Berserk, Trog's Hand


You were on level 4 of the Dungeon.
You worshipped Trog.
Trog was most pleased with you.
You visited 1 branch of the dungeon, and saw 4 of its levels.

You collected 185 gold pieces.

Inventory:

Armour
 a - a +0 animal skin (worn)
Jewellery
 f - a +6 ring of intelligence
Scrolls
 b - a scroll of immolation {unknown}
 d - 3 scrolls of summoning {unknown}
 e - a scroll of silence {unknown}
 h - 2 scrolls of teleportation {unknown}
 i - 3 scrolls of identify {unknown}
 k - a scroll of poison {unknown}
 l - a scroll of vulnerability {unknown}
 n - a scroll of fog {unknown}
Potions
 c - 3 potions of curing {unknown}
 g - 4 potions of heal wounds
 j - 2 potions of haste {unknown}
 m - a potion of invisibility {unknown}


   Skills:
 + Level 3.0 Fighting
 + Level 3.1 Dodging
 + Level 0.4 Stealth
 + Level 5.2 Unarmed Combat


You had 4 spell levels left.
You didn't know any spells.
Your spell library was empty.

Dungeon Overview and Level Annotations

Branches:
Dungeon (4/15)
 Temple: D:4-7

Altars:


Innate Abilities, Weirdness & Mutations

You are too large for most types of armour.
You have claws for hands.
Your natural rate of healing is unusually fast.
You are covered in fur. (AC +1)
You have tough skin. (AC +1)


Message History

The killer bee is lightly wounded.
The killer bee misses you.
You miss the killer bee.
The killer bee is lightly wounded.
The killer bee stings you!
You are poisoned.
The killer bee poisons you! The dart slug launches a dart at you.
The slug dart hits you. The killer bee barely misses you.
The killer bee stings you.
You are more poisoned.
The killer bee poisons you!
You scratch the dart slug but do no damage.
You feel very sick.
The killer bee stings you but does no damage. x2
The dart slug barely misses you.
You claw the dart slug!
You kill the dart slug!
Trog accepts your kill.
You feel sick.
The killer bee stings you but does no damage.
The killer bee stings you.
You are more poisoned.
The killer bee poisons you! The killer bee stings you.
You are more poisoned.
The killer bee poisons you! The killer bee stings you.
The killer bee barely misses you.
You scratch the killer bee but do no damage.
The killer bee is lightly wounded.
* * * LOW HITPOINT WARNING * * *
You feel very sick. The killer bee closely misses you.
The killer bee stings you but does no damage.
The killer bee stings you.
* * * LOW HITPOINT WARNING * * *
You hear the slow hiss of a very distant avalanche of sand.
* * * LOW HITPOINT WARNING * * *
You feel very sick. The killer bee stings you.
You die...

###.#...###.##.#
#.#.####.....#
#............# #
########.###.##.#
#.## #.#.#####
#######.# #..<.....
........## ##.#......
########.###.yyy.....
#....@y.w.....
##.########### ...#
#####


You could see a worm and 4 killer bees.

Vanquished Creatures
  An orc priest (D:3)
  An orc wizard (D:3)
  4 adders
  3 worms
  4 dart slugs
  6 orcs (D:3)
  7 ball pythons
  6 bats
  6 endoplasms
  2 giant cockroaches (D:2)
  13 goblins
  3 hobgoblins
  10 jackals
  6 kobolds
  3 quokkas
  A frilled lizard (D:2)
  8 rats
84 creatures vanquished.

Vanquished Creatures (others)
  A fungus (D:1)
  2 plants (D:1)
3 creatures vanquished.

Grand Total: 87 creatures vanquished

Notes
Turn   | Place    | Note
-------+----------+-------------------------------------------
     0 | D:1      | Alacron the Troll Berserker began the quest for the Orb.
     0 | D:1      | Reached XP level 1. HP: 22/22 MP: 0/0
    88 | D:1      | Reached XP level 2. HP: 26/29 MP: 1/1
   169 | D:1      | Found a faded altar of an unknown god.
   228 | D:1      | Reached ** piety under Trog
   229 | D:1      | Reached XP level 3. HP: 34/36 MP: 2/2
  1001 | D:2      | Reached skill level 4 in Unarmed Combat
  1009 | D:2      | Reached XP level 4. HP: 42/44 MP: 3/3
  1547 | D:3      | Reached *** piety under Trog
  1548 | D:3      | Reached XP level 5. HP: 29/52 MP: 4/4
  1554 | D:3      | HP: 2/52 [orc priest/+2 dagger of freezing (2)]
  1564 | D:3      | Reached skill level 5 in Unarmed Combat
  1982 | D:4      | Slain by a killer bee

Illustrated notes

Levels and vault maps discovered:
D:1:      lightli_arrival_flooded_house, layout_basic,
          shapermc_ecumenical_altar_rom_forum
D:2:      minmay_razor_zed, layout_basic, minmay_misc_feat_tiny
D:3:      layout_rooms, corexii_item_surrounded_by_moat
D:4:      layout_loops_ring, serial_shops, shop, enter_ossuary_2

Skill      XL: |  1  2  3  4  5 |
---------------+----------------+-----
Unarmed Combat | 4 5 |  5.2
Dodging        | 3 |  3.1
Fighting       | 3 |  3.0
Stealth        | |  0.4

Action                   |  1- 3 |  4- 6 || total
-------------------------+-------+-------++-------
Melee: Unarmed           |   148 |    85 ||   233
       Punch             |     3 |     2 ||     5
  Use: Potion            |       |     2 ||     2
 Stab: Sleeping          |       |     1 ||     1
Armor: Animal skin       |    49 |    26 ||    75
Dodge: Dodged            |    80 |    51 ||   131

Table legend: (Time is in decaauts)
 A = Elapsed time spent in this place.
 B = Non-inter-level travel time spent in this place.
 C = Inter-level travel time spent in this place.
 D = Time resting spent in this place.
 E = Time spent auto-exploring this place.
 F = Levels seen in this place.
 G = Mean time per level.
                   A        B        C        D        E       F      G
               +--------+--------+--------+--------+--------+-----+--------+
         Total |   1964 |   1840 |    124 |      0 |   1449 |   4 |  491.0 |
       Dungeon |   1964 |   1840 |    124 |      0 |   1449 |   4 |  491.0 |
               +--------+--------+--------+--------+--------+-----+--------+

Top non-repeatable levels by time:
     D:2: 917 daAuts
     D:1: 546 daAuts
     D:3: 450 daAuts
     D:4: 49 daAuts
